 Dungeon Crawl Stone Soup version 0.25-a0-404-gc1b5a34292 (webtiles) character file.

Game seed: 1097018720952273590, levelgen mode: deterministic

215231 Ge0ff the Fighter (level 19, -2/148 HPs)
             Began as a Formicid Transmuter on Jan 12, 2020.
             Was the Champion of Ru.
             Collided with a rock wall (15 damage)
             ... caused by a naga mage
             ... on level 4 of the Snake Pit.
             The game lasted 02:51:24 (53469 turns).

Ge0ff the Fighter (Formicid Transmuter)            Turns: 53469, Time: 02:51:25

Health: -2/148     AC: 13    Str: 21    XL:     19   Next: 74%
Magic:  34/34      EV:  4    Int: 28    God:    Ru [******]
Gold:   1675       SH: 11    Dex: 11    Spells: 11/40 levels left

rFire    . . .     SeeInvis +     - Unarmed
rCold    . . .     Gourm    .   G - +0 shield
rNeg     . . .     Faith    .   V - +1 scale mail of Hadjma {+Blink Str+3 Int+9}
rPois    +         Spirit   .   (helmet unavailable)
rElec    .         Reflect  .   F - scarf {repulsion}
rCorr    .         Harm     .   a - +2 pair of gloves {Str+3}
MR       +....                  Q - +0 pair of boots
Stlth    ..........             U - amulet of regeneration
HPRegen  0.74/turn              Z - ring of protection from magic {=R}
MPRegen  0.24/turn              t - ring of poison resistance

@: exhausted, no potions, very slightly contaminated, lightly drained, repel
missiles
A: permanent stasis, dig shafts and tunnels, four strong arms, antennae 3, dopey
1, screaming 1, inability to drink while threatened, no stealth, inability to
train dodging, reduced EV 1, magic vulnerability 1
}: 1/15 runes: decaying
a: Dig, Shaft Self, Draw Out Power, Power Leap, Apocalypse, Renounce Religion


You were on level 4 of the Snake Pit.
You worshipped Ru.
Ru was exalted by your worship.
You were hungry.

You visited 6 branches of the dungeon, and saw 32 of its levels.
You also visited: Gauntlet and Ice Cave.

You collected 3133 gold pieces.
You spent 1458 gold pieces at shops.

Inventory:

Missiles
 l - 8 throwing nets {=f}
 B - 24 boomerangs (quivered)
 J - 672 arrows
 Y - 2 curare-tipped darts {=f}
Armour
 a - a +2 pair of gloves of strength (worn)
 b - a scarf of cloud immunity
 n - a +4 troll leather armour
 F - a scarf of repulsion (worn)
 G - a +0 shield (worn)
 P - a +2 leather armour of magic resistance
 Q - a +0 pair of boots (worn)
 V - the +1 scale mail of Hadjma (worn) {+Blink Str+3 Int+9}
   (You found it in a Gauntlet)

   It affects your strength (+3).
   It affects your intelligence (+9).
   It lets you blink.
Magical Staves
 T - an uncursed staff of wizardry
Jewellery
 h - an uncursed ring of fire
 t - a ring of poison resistance (right hand)
 u - an uncursed ring of ice
 w - an uncursed ring of positive energy
 U - an amulet of regeneration (around neck)
 Z - a ring of protection from magic (left hand) {=R}
Wands
 c - a wand of clouds (2)
 d - a wand of digging (5)
 f - a wand of flame (35)
 j - a wand of acid (10)
 k - a wand of iceblast (43)
 p - a wand of paralysis (19)
 s - a wand of disintegration (4)
 x - a wand of random effects (12)
Scrolls
 i - 4 scrolls of identify
 m - 3 scrolls of magic mapping
 y - 2 scrolls of immolation
 C - 11 scrolls of remove curse
 E - a scroll of fear
 S - 5 scrolls of summoning
Potions
 o - 2 potions of ambrosia
 q - 6 potions of curing
 z - 2 potions of brilliance
 A - 2 potions of agility
 H - 2 potions of mutation
 I - 2 potions of invisibility
 K - a potion of magic {!q}
 L - 2 potions of lignification
 M - 5 potions of might
 N - 3 potions of cancellation {!q}
 R - a potion of resistance
 W - 9 potions of heal wounds {!q}
 X - a potion of flight
Miscellaneous
 g - a fan of gales
 v - a lamp of fire (inert)
 D - 2 sacks of spiders
 O - a box of beasts
Comestibles
 r - 35 rations


   Skills:
 + Level 12.7(12.1) Fighting
 + Level 8.5(8.0) Armour
 - Level 9.0(8.4) Shields
 * Level 12.7(12.0) Unarmed Combat
 + Level 11.3(10.7) Spellcasting
 + Level 9.8(9.3) Conjurations
 + Level 5.9(5.4) Hexes
 + Level 4.6(4.1) Summonings
 + Level 5.4(4.9) Translocations
 - Level 12.0(11.4) Transmutations
 - Level 7.0(6.5) Ice Magic
 + Level 3.9(3.4) Air Magic
   Level 5.0(4.5) Poison Magic
 + Level 10.6(10.0) Evocations


You had 11 spell levels left.
You knew the following spells:

 Your Spells              Type           Power        Failure   Level  Hunger
e - Irradiate             Conj/Tmut      ######....   4%          5    ###....
h - Blade Hands           Tmut           ######....   2%          5    ###....
i - Ice Form              Ice/Tmut       ######..     2%          4    None
l - Summon Lightning Spi  Summ/Air       #####...     22%         4    None
m - Iskenderun's Mystic   Conj/Tloc      ######..     5%          4    None
s - Sticks to Snakes      Tmut           ######..     1%          2    None
v - Summon Mana Viper     Hex/Summ       #####...     36%         5    ###....

Your spell library contained the following spells:

 Spells                   Type           Power        Failure   Level  Hunger
 Beastly Appendage        Tmut           ######       1%          1    None
 Corona                   Hex            #####..      1%          1    None
 Foxfire                  Conj/Fire      ####         1%          1    None
 Magic Dart               Conj           ####         1%          1    None
 Summon Small Mammal      Summ           ####         1%          1    None
 Passwall                 Tmut/Erth      #####...     1%          2    None
 Searing Ray              Conj           ######       1%          2    None
 Dazzling Flash           Conj/Hex       ######       1%          3    None
 Spider Form              Tmut/Pois      ######....   1%          3    None
 Call Imp                 Summ           #####...     2%          2    None
 Conjure Flame            Conj/Fire      #####...     4%          3    None
 Recall                   Summ/Tloc      N/A          4%          3    None
 Stone Arrow              Conj/Erth      #####.       4%          3    None
 Summon Guardian Golem    Hex/Summ       #####...     4%          3    None
 Fulminant Prism          Conj/Hex       ######....   4%          4    None
 Call Canine Familiar     Summ           #####...     5%          3    None
 Animate Skeleton         Necr           N/A          10%         1    None
 Pain                     Necr           ###.         10%         1    None
 Sandblast                Erth           ###...       10%         1    None
 Inner Flame              Hex/Fire       ####....     10%         3    None
 Petrify                  Tmut/Erth      #####...     10%         4    None
 Cause Fear               Hex            #####.....   11%         4    None
 Summon Ice Beast         Ice/Summ       #####...     11%         4    None
 Sticky Flame             Conj/Fire      #####...     14%         4    None
 Metabolic Englaciation   Hex/Ice        #####.....   24%         5    ###....
 Vampiric Draining        Necr           ###.......   30%         3    None
 Leda's Liquefaction      Hex/Erth       ####......   32%         4    None
 Fireball                 Conj/Fire      #####.....   38%         5    ###....
 Bolt of Magma            Conj/Fire/Erth ####......   61%         5    ###....
 Animate Dead             Necr           N/A          69%         4    None
 Statue Form              Tmut/Erth      #####....    83%         6    #####..
 Iron Shot                Conj/Erth      #####.....   92%         6    #####..
 Starburst                Conj/Fire      #####.....   92%         6    #####..
 Agony                    Necr           ###.....     95%         5    ###....
 Borgnjor's Vile Clutch   Necr/Erth      ###.......   95%         5    ###....
 Lee's Rapid Deconstruct  Erth           ###.......   95%         5    ###....
 Simulacrum               Ice/Necr       ####......   99%         6    #####..
 Spellforged Servitor     Conj/Summ      ######....   99%         7    ######.
 Death Channel            Necr           ###.......   100%        6    #####..
 Shatter                  Erth           ###.......   100%        9    #######


Dungeon Overview and Level Annotations

Branches:
Dungeon (15/15)            Temple (1/1) D:7            Lair (6/6) D:8
  Swamp (4/4) Lair:3        Snake (4/4) Lair:4        Slime (0/5) Lair:6
    Orc (2/2) D:9             Elf (0/3) Orc:2        Vaults (0/5) D:13
 Depths (0/5) D:15          IceCv (visited)         Gauntlet (visited)

Altars:
Ashenzari
Cheibriados
Dithmenos
Elyvilon
Fedhas
Gozag
Hepliaklqana
Kikubaaqudgha
Makhleb
Nemelex Xobeh
Okawaru
Qazlal
Ru
Sif Muna
Trog
Uskayaw
Vehumet
Wu Jian
Xom
Yredelemnul
Zin
The Shining One
Jiyva

Shops:
D:5 *   D:6 (   D:8 *   D:13 [   Orc:1 (   Orc:2 *=[*[

Annotations:
D:14 2 transporters, Follixusi's ghost, journeyman MiBe
Lair:1 stash
Snake:1 1 runed translucent door, Zeufunenlo's ghost, adept MiBe


Innate Abilities, Weirdness & Mutations

You cannot be hasted, slowed, berserked, paralysed or teleported.
You can dig through walls and to a lower floor.
Your four strong arms can wield two-handed weapons with a shield.
You have a pair of large antennae on your head. (SInv)
You are dopey. (Int -2)
You occasionally shout uncontrollably at your foes.
You cannot drink potions while threatened.
You cannot be stealthy.
You cannot train Dodging skill.
You have somewhat slow reflexes. (EV -5)
You are slightly vulnerable to magic. (MR-)


Message History

You are feeling hungry.
The anaconda bites you!
* * * LOW HITPOINT WARNING * * *
The anaconda bites you.
* * * LOW HITPOINT WARNING * * *
You focus your will and slow the anaconda in retribution!
You strike the helpless anaconda from behind!
You slice the anaconda!!
You kill the anaconda!
Your hands revert to their normal proportions.
Your +2 pair of gloves of strength unmelds from your body.
Your +0 shield unmelds from your body.
You feel stronger.
A mana viper comes into view.
The naga mage gestures at you while chanting.
The lance of force hits you!
* * * LOW HITPOINT WARNING * * *
You are knocked back by the lance of force.
You slam into the rock wall!
You die...

# ####### ##......
#..##### ###.## #
#...######
#########.####....
#...).....# #....
###@######### #....
#...## #....
#.##.###########.... #.
##N#..........).. .
#{##.)...........
...#.###†{..####..##....
....{..{)#†## ##.##....
...S######.# ####.... .
#.# ####.#


You could see a mana viper and a naga mage.

Vanquished Creatures
  Rupert (D:15)
  A thorn hunter (Swamp:1)
  A nagaraja (Snake:2)
  Donald (Snake:3)
  The ghost of Dysch the Transmogrifier, an adept OpEn of Uskayaw (Orc:1)
  An angel (D:10)
  A very ugly thing (Swamp:4)
  Nessos (D:15)
  A minotaur (Gauntlet)
  Azrael (Orc:2)
  2 blizzard demons (IceCv)
  Josephine (Lair:4)
  Harold (D:7)
  2 ghost crabs
  6 naga warriors
  2 shambling mangroves
  20 hydras
  8 anacondas
  A merfolk avatar (Lair:6)
  2 centaur warriors
  An ogre mage (D:14)
  2 dancing weapons (D:13)
  12 alligators
  5 two-headed ogres
  3 orc high priests (Orc:2)
  A vampire mage (D:14)
  A naga sharpshooter (Snake:4)
  6 shock serpents
  9 skeletal warriors
  A salamander mystic (Snake:2)
  4 unseen horrors
  A sea snake (Lair:6)
  2 wizards
  Pikel (D:6)
  A naga ritualist (Snake:4)
  11 swamp dragons
  4 spriggan druids
  2 necromancers
  A harpy (Lair:6)
  6 orc knights
  3 orc sorcerers (Orc:2)
  2 mana vipers (Snake:4)
  An oklob plant (Snake:3)
  2 manticores
  6 deep elf magi
  6 salamanders
  A cyclops (D:15)
  10 ugly things
  3 elephants (Lair:6)
  Joseph (D:9)
  A worldbinder (Gauntlet)
  10 naga magi
  7 guardian serpents
  28 black mambas
  A gargoyle (D:14)
  3 ice statues
  15 spiny frogs
  7 centaur skeletons
  4 rime drakes (Lair:6)
  2 freezing wraiths (IceCv)
  4 anaconda simulacra (IceCv)
  10 komodo dragons
  7 ice devils (IceCv)
  6 trolls
  5 polar bears (Lair:6)
  3 meliai (D:15)
  11 bog bodies
  2 queen bees
  11 tyrant leeches
  17 hornets
  A harpy skeleton (D:15)
  4 blink frogs (Swamp:4)
  7 hippogriffs
  6 slime creatures
  4 centaur simulacra
  A vampire (D:10)
  3 shadows
  3 wyverns
  4 basilisks
  5 fire elementals
  9 spriggans
  3 wraiths (Lair:4)
  2 dire elephant simulacra (IceCv)
  22 yaks
  A hungry ghost (D:12)
  The ghost of Goblin1989 the Chopper, an amateur DsCK of Xom (D:4)
  14 vampire mosquitoes
  Edmund (D:5)
  A death yak simulacrum (IceCv)
  A steam dragon (D:15)
  3 harpy simulacra (IceCv)
  2 iron troll simulacra (IceCv)
  15 nagas
  15 swamp worms
  3 wargs (D:9)
  3 hydra simulacra (IceCv)
  7 insubstantial wisps
  3 hell hounds (Orc:2)
  A floating eye (shapeshifter) (D:15)
  27 water moccasins
  7 porcupines
  A black bear (D:8)
  25 orc warriors
  11 swamp drakes
  6 sky beasts
  2 ice beasts
  2 ettin simulacra (IceCv)
  2 phantoms
  A necrophage (D:12)
  8 wolves
  6 ogres
  20 centaurs
  8 boggarts
  10 crocodiles
  16 bullfrogs
  A gnoll sergeant (Orc:1)
  3 big kobolds
  5 scorpions
  40 killer bees
  A swamp dragon simulacrum (IceCv)
  6 electric eels
  14 wights
  7 howler monkeys
  3 crimson imps
  A draconian simulacrum (IceCv)
  3 centaur zombies
  7 hounds
  2 quasits (D:10)
  4 jellies
  Crazy Yiuf (D:3)
  3 bullfrog skeletons
  15 orc priests
  4 iguanas
  19 orc wizards
  A polar bear simulacrum (IceCv)
  2 troll simulacra (IceCv)
  12 worker ants
  A spriggan simulacrum (IceCv)
  A hound zombie (D:10)
  A hound skeleton (D:4)
  A worker ant zombie (D:6)
  5 gnolls (Orc:1)
  20 adders
  2 naga simulacra (IceCv)
  2 ogre simulacra (IceCv)
  3 shadow imps
  5 white imps (IceCv)
  9 ufetubi (IceCv)
  2 oozes (D:3)
  An adder skeleton (D:9)
  5 worms
  2 dart slugs
  6 leopard geckos
  67 orcs
  8 bats
  8 giant cockroaches
  7 goblins
  5 hobgoblins
  2 jackals (D:10)
  5 quokkas
  A ball python (D:5)
  8 frilled lizards
  A jackal skeleton (D:8)
  A jackal zombie (D:6)
  17 kobolds
  A quokka zombie (D:5)
  8 rats
  2 butterflies (Lair:6)
  2 fungi
  A withered plant (Gauntlet)
979 creatures vanquished.

Vanquished Creatures (collateral kills)
  Roxanne (Swamp:3)
  Louise (Swamp:3)
  3 shambling mangroves (Swamp:4)
  A spriggan druid (Swamp:3)
  2 wizards (D:15)
  A spiny frog (Swamp:4)
  5 hornets (Swamp:4)
  4 slime creatures (D:15)
  A bog body (Swamp:4)
  A spriggan (Swamp:4)
  A swamp worm (Swamp:3)
  A swamp drake (Swamp:3)
  A sky beast (D:4)
  A wolf (Gauntlet)
  6 centaurs (D:15)
  An orc priest (D:15)
31 creatures vanquished.

Vanquished Creatures (others)
  2 hydras
  An anaconda (Snake:4)
  2 alligators
  An ugly thing (D:14)
  A spiny frog (Lair:5)
  A naga mage (Snake:1)
  A hippogriff (D:15)
  An iron troll simulacrum (IceCv)
  A hydra simulacrum (IceCv)
  A warg (Orc:2)
  A swamp worm (Swamp:3)
  A swamp drake (Swamp:4)
  An ettin simulacrum (IceCv)
  2 centaurs (D:15)
  A wolf (Lair:3)
  2 orc wizards (Orc:2)
  A naga simulacrum (IceCv)
  A kobold (D:14)
  12 fungi
  19 plants
  25 withered plants
78 creatures vanquished.

Grand Total: 1088 creatures vanquished

Notes
Turn   | Place    | Note
-------+----------+-------------------------------------------
     0 | D:1      | Ge0ff the Formicid Transmuter began the quest for the Orb.
     0 | D:1      | Reached XP level 1. HP: 15/15 MP: 3/3
   350 | D:1      | Reached XP level 2. HP: 21/21 MP: 5/5
   937 | D:1      | Reached XP level 3. HP: 25/27 MP: 6/6
   941 | D:1      | Learned a level 2 spell: Sticks to Snakes
   945 | D:1      | Learned a level 3 spell: Spider Form
  1046 | D:2      | Reached skill level 1 in Poison Magic
  1578 | D:2      | Found a blossoming altar of Fedhas.
  1578 | D:2      | Found an opulent altar of Gozag.
  1579 | D:2      | Found a shattered altar of Ashenzari.
  1755 | D:2      | Reached XP level 4. HP: 14/33 MP: 7/7
  2685 | D:3      | Reached XP level 5. HP: 37/39 MP: 6/8
  3359 | D:3      | Found a runed translucent door.
  3360 | D:3      | Noticed Crazy Yiuf
  3372 | D:3      | Killed Crazy Yiuf
  3708 | D:4      | Noticed Goblin1989's ghost (amateur DsCK)
  3719 | D:4      | Found a runed translucent door.
  3725 | D:4      | Reached XP level 6. HP: 42/46 MP: 9/9
  4277 | D:4      | Reached skill level 1 in Armour
  4566 | D:4      | Noticed a sky beast
  4589 | D:4      | Killed a sky beast
  5006 | D:4      | Reached XP level 7. HP: 52/52 MP: 11/11
  5421 | D:5      | Entered Level 5 of the Dungeon
  5644 | D:5      | Found a shimmering blue altar of Sif Muna.
  5644 | D:5      | Found a radiant altar of Vehumet.
  5992 | D:5      | Found Gem Ludu's Assorted Antiques.
  5999 | D:5      | Bought 2 scrolls labeled HEITRO OSTRYIKK for 40 gold pieces
  5999 | D:5      | Bought a scroll of identify for 40 gold pieces
  6000 | D:5      | Bought a cabochon ring for 100 gold pieces
  6000 | D:5      | Bought a scroll of identify for 40 gold pieces
  6414 | D:5      | Reached skill level 1 in Stealth
  6695 | D:5      | Noticed Edmund
  6715 | D:5      | Killed Edmund
  6715 | D:5      | Reached XP level 8. HP: 42/60 MP: 10/12
  6855 | D:5      | Learned a level 4 spell: Ice Form
  7126 | D:6      | Noticed Pikel
  7188 | D:6      | Reached skill level 1 in Ice Magic
  7188 | D:6      | Reached skill level 5 in Poison Magic
  7247 | D:6      | Found Yrurr's Weapon Shoppe.
  7312 | D:6      | Reached skill level 1 in Evocations
  7539 | D:6      | Killed Pikel
  7539 | D:6      | Reached skill level 5 in Unarmed Combat
  7539 | D:6      | Reached XP level 9. HP: 31/66 MP: 12/14
  8192 | D:7      | Found a staircase to the Ecumenical Temple.
  8203 | Temple   | Entered the Ecumenical Temple
  8228 | Temple   | Became a worshipper of Ru the Awakened
  8278 | D:7      | Noticed a hippogriff
  8295 | D:7      | Killed a hippogriff
  8295 | D:7      | Reached skill level 5 in Transmutations
  8637 | D:7      | Found an ornate altar of the Wu Jian Council.
  8704 | D:7      | Noticed Harold
  8846 | D:7      | Killed Harold
  9024 | D:7      | Reached skill level 5 in Fighting
  9113 | D:7      | Reached XP level 10. HP: 11/74 MP: 16/16
  9809 | D:8      | Found Qatulyx's Mayhem Merchandise.
 10144 | D:8      | Found a staircase to the Lair.
 10180 | D:8      | Reached skill level 5 in Ice Magic
 10346 | D:8      | Reached skill level 5 in Stealth
 10424 | D:8      | Reached skill level 5 in Spellcasting
 10746 | D:9      | Gained mutation: You have somewhat slow reflexes. (EV -5)
                  | [Ru sacrifice]
 10746 | D:9      | Reached * piety under Ru
 11379 | D:9      | Found a staircase to the Orcish Mines.
 11503 | D:9      | Noticed Joseph
 11521 | D:9      | Killed Joseph
 12250 | D:9      | Learned a level 5 spell: Blade Hands
 12252 | D:9      | Noticed a two-headed ogre
 12260 | D:9      | Killed a two-headed ogre
 12260 | D:9      | Reached skill level 5 in Evocations
 12260 | D:9      | Reached XP level 11. HP: 55/81 MP: 15/19
 13406 | D:9      | Noticed a two-headed ogre
 13408 | D:9      | Reached skill level 5 in Dodging
 13408 | D:9      | Killed a two-headed ogre
 14033 | D:10     | Entered Level 10 of the Dungeon
 14696 | D:10     | Found a glowing golden altar of the Shining One.
 14696 | D:10     | Found a runed translucent door.
 14696 | D:10     | Noticed an angel
 15174 | D:10     | Got a smoking war axe
 15680 | D:11     | Noticed an unseen horror
 15699 | D:11     | Killed an unseen horror
 16156 | D:11     | Gained mutation: You cannot drink potions while threatened.
                  | [Ru sacrifice]
 16156 | D:11     | Reached ** piety under Ru
 16804 | D:11     | Noticed a manticore
 16812 | D:11     | Killed a manticore
 16812 | D:11     | Reached XP level 12. HP: 77/92 MP: 22/22
 16922 | D:11     | Identified Opivim's Incunabulum of Conjuration
 16930 | D:11     | Learned a level 5 spell: Irradiate
 17068 | D:11     | Identified the +8 war axe of the Land of Plenty {flame,
                  | Dex+2} (You found it on level 10 of the Dungeon)
 17221 | D:4      | Killed Goblin1989's ghost
 17343 | Lair:1   | Entered Level 1 of the Lair of Beasts
 17926 | Lair:1   | Reached skill level 1 in Conjurations
 18580 | Lair:1   | Gained mutation: You are slightly vulnerable to magic.
                  | (MR-) [Ru sacrifice]
 18580 | Lair:1   | Reached *** piety under Ru
 21946 | Lair:3   | Reached XP level 13. HP: 99/99 MP: 24/24
 22045 | Lair:3   | Found a staircase to the Swamp.
 22557 | Lair:4   | Got a crude hand crossbow
 22745 | Lair:4   | Found a staircase to the Snake Pit.
 23269 | Lair:4   | Noticed Josephine
 23279 | Lair:4   | Killed Josephine
 23853 | Lair:5   | Noticed an eight-headed hydra
 23860 | Lair:5   | Killed an eight-headed hydra
 23867 | Lair:5   | Noticed an eight-headed hydra
 24310 | Lair:5   | Killed an eight-headed hydra
 24628 | Lair:6   | Entered Level 6 of the Lair of Beasts
 24676 | Lair:6   | Found a gate leading to a gauntlet.
 24685 | Lair:6   | Identified the +4 hand crossbow "Ilinostro" {penet, Str+5}
                  | (You found it on level 4 of the Lair of Beasts)
 24690 | Gauntlet | Entered a Gauntlet
 24690 | Gauntlet | Found a transporter.
 24690 | Gauntlet | Found a transporter.
 24702 | Gauntlet | Found a transporter.
 24704 | Gauntlet | Found a transporter.
 24705 | Gauntlet | Found a transporter.
 24707 | Gauntlet | Noticed a blizzard demon
 24713 | Gauntlet | Noticed a hell beast
 24714 | Gauntlet | Found a transporter.
 24718 | Gauntlet | Found a transporter.
 24727 | Gauntlet | Found a transporter.
 24738 | Gauntlet | Found a transporter.
 24821 | Gauntlet | Found a transporter.
 24838 | Gauntlet | Found a transporter.
 24846 | Gauntlet | Found a transporter.
 24980 | Gauntlet | Gained mutation: You are dopey. (Int -2) [Ru sacrifice]
 24980 | Gauntlet | Reached **** piety under Ru
 25238 | Gauntlet | Got a faintly humming scale mail
 25316 | Gauntlet | Identified the cursed +1 scale mail of Hadjma {+Blink Str+3
                  | Int+9} (You found it in a Gauntlet)
 25353 | Gauntlet | Noticed a minotaur
 25368 | Gauntlet | Killed a minotaur
 25719 | Lair:6   | Found a staircase to the Slime Pits.
 25719 | Lair:6   | Found a viscous altar of Jiyva.
 25851 | Lair:6   | Noticed an eight-headed hydra
 25859 | Lair:6   | Killed an eight-headed hydra
 25888 | Lair:6   | Noticed a five-headed hydra
 26126 | Lair:6   | Reached XP level 14. HP: 93/109 MP: 26/26
 26235 | Lair:6   | Reached skill level 5 in Conjurations
 26423 | Lair:6   | Reached skill level 10 in Transmutations
 27085 | Lair:6   | Reached skill level 10 in Unarmed Combat
 27104 | Lair:6   | Identified the Almanac of Malediction
 27339 | Lair:1   | Gained mutation: You cannot be stealthy. [Ru sacrifice]
 27339 | Lair:1   | Reached ***** piety under Ru
 27865 | D:12     | Reached skill level 5 in Armour
 27948 | D:12     | Reached skill level 10 in Fighting
 28396 | D:12     | Learned a level 4 spell: Iskenderun's Mystic Blast
 29566 | D:13     | Found Kyngoann's Antique Armour Shoppe.
 29866 | D:13     | Gained mutation: You occasionally shout uncontrollably at
                  | your foes. [Ru sacrifice]
 30006 | D:13     | Found a gate to the Vaults.
 30496 | D:10     | Killed an angel
 30496 | D:10     | Reached XP level 15. HP: 81/116 MP: 8/28
 30576 | Orc:1    | Entered Level 1 of the Orcish Mines
 30900 | Orc:1    | Found a runed translucent door.
 30900 | Orc:1    | Noticed Dysch's ghost (adept OpEn)
 31047 | Orc:1    | Found Jimonosa's Weapon Boutique.
 31419 | Orc:2    | Entered Level 2 of the Orcish Mines
 31431 | Orc:2    | Found a staircase to the Elven Halls.
 31630 | Orc:2    | Reached skill level 1 in Shields
 31642 | Orc:2    | Noticed Azrael
 31655 | Orc:2    | Killed Azrael
 32075 | Orc:2    | Found Xizui's Armour Emporium.
 32365 | Orc:2    | Reached skill level 1 in Translocations
 32429 | Orc:2    | Found Dyfa's Assorted Antiques.
 32429 | Orc:2    | Found Uloex's General Store.
 32431 | Orc:2    | Found Ugid Hat's Jewellery Emporium.
 32431 | Orc:2    | Found Dehoar's Antique Armour Shop.
 32560 | Orc:2    | Bought a scroll of summoning for 285 gold pieces
 32560 | Orc:2    | Bought an embroidered scarf for 240 gold pieces
 32560 | Orc:2    | Bought a scroll of fear for 105 gold pieces
 32585 | Orc:2    | Bought an uncursed ring of poison resistance for 320 gold
                  | pieces
 32874 | Orc:2    | Bought an ichor-stained ring mail for 288 gold pieces
 32875 | Orc:2    | Identified the +0 ring mail of Cowardice {Str-3 Int+4
                  | Dex+2} (You bought it in a shop on level 2 of the Orcish
                  | Mines)
 33648 | D:14     | Found the +12 glaive of Prune {chop}
 33821 | D:14     | Found a transporter.
 33824 | D:14     | Noticed Follixusi's ghost (journeyman MiBe)
 33849 | D:14     | Found a transporter.
 34396 | D:15     | Entered Level 15 of the Dungeon
 34420 | D:15     | Noticed Nessos
 34423 | D:15     | Killed Nessos
 34433 | D:15     | Reached skill level 10 in Spellcasting
 35081 | D:15     | Reached XP level 16. HP: 103/124 MP: 26/30
 35326 | D:15     | Noticed Rupert
 35521 | Orc:1    | Killed Dysch's ghost
 35838 | D:15     | Killed Rupert
 36001 | D:15     | Found a staircase to the Depths.
 36703 | Lair:1   | Learned a level 4 spell: Summon Lightning Spire
 36709 | Lair:1   | Learned a level 5 spell: Summon Mana Viper
 36769 | Swamp:1  | Entered Level 1 of the Swamp
 38073 | Swamp:1  | Reached skill level 1 in Hexes
 38220 | Swamp:1  | Reached skill level 1 in Summonings
 38613 | Swamp:1  | Noticed a thorn hunter
 38644 | Swamp:1  | Killed a thorn hunter
 39365 | Swamp:2  | Reached skill level 1 in Air Magic
 40665 | Swamp:2  | Reached skill level 5 in Shields
 42380 | Swamp:2  | Reached XP level 17. HP: 102/131 MP: 16/31
 42716 | Swamp:3  | Noticed Louise
 43033 | Swamp:3  | Killed Louise
 43847 | Swamp:3  | Noticed Roxanne
 43886 | Swamp:3  | Killed Roxanne
 43963 | Swamp:3  | Gained mutation: You cannot train Dodging skill. [Ru
                  | sacrifice]
 43963 | Swamp:3  | Reached ****** piety under Ru
 44423 | Swamp:4  | Entered Level 4 of the Swamp
 46032 | Swamp:4  | Reached skill level 10 in Evocations
 46400 | Swamp:4  | Got a decaying rune of Zot
 46522 | Swamp:4  | Identified the +12 shortbow of Action {freeze, Fragile
                  | rElec rC+ Dex+3} (You found it on level 4 of the Swamp)
 47471 | Snake:1  | Entered Level 1 of the Snake Pit
 47631 | Snake:1  | Found a frozen archway.
 47866 | IceCv    | Entered an ice cave
 48638 | IceCv    | Reached XP level 18. HP: 114/140 MP: 26/32
 48639 | IceCv    | Reached XP level 19. HP: 120/147 MP: 26/33
 49501 | Snake:1  | Found a runed translucent door.
 49501 | Snake:1  | Noticed Zeufunenlo's ghost (adept MiBe)
 50403 | Snake:2  | Reached skill level 5 in Hexes
 50677 | Snake:2  | Reached skill level 5 in Translocations
 52191 | Snake:3  | Noticed Donald
 52202 | Snake:3  | Killed Donald
 52368 | Snake:3  | Found an ornate altar of the Wu Jian Council.
 52924 | Snake:4  | Entered Level 4 of the Snake Pit
 53469 | Snake:4  | Collided with a rock wall

Levels and vault maps discovered:
D:1:      dpeg_arrival_rooms_b, layout_basic, minmay_misc_feat_cross
D:2:      layout_loops_ring, gammafunk_temple_overflow_forgotten
D:3:      layout_rooms, uniq_crazy_yiuf_cottage
D:4:      layout_layer_cave, first_ration, hellmonk_ghost_happy_afterlife
D:5:      layout_loops_ring, gammafunk_temple_overflow_elements, serial_shops,
          shop, uniq_edmund
D:6:      layout_basic, serial_shops, nicolae_shop_window_shopping,
          st_stairs_10, uniq_pikel
D:7:      layout_loops_cross, kennysheep_mini, minmay_temple_entry_sparse_star,
          the_bakery, uniq_harold
D:8:      layout_gridville, dpeg_oklobed_lair, small_chamber_with_monster,
          dk_vineyard_3, minmay_shop_mayhem
D:9:      layout_roguey, david_orc_1_choice, serial_bayou_lake_a, uniq_joseph
D:10:     wad_crossroads, layout_rooms, lemuel_angel_altar
D:11:     layout_basic
D:12:     minmay_clustersquares, layout_loops_ring
D:13:     layout_big_octagon, erik_vaults_1, serial_shops, shop
D:14:     layout_gridville, gammafunk_ghost_berserking_beasts,
          minmay_misc_feat_plants, minmay_guarded_unrand_prune
D:15:     grunt_enter_depths_magical_seal, layout_cave_pools, uniq_nessos,
          uniq_rupert
Temple:   lightli_temple_of_artemis
Lair:1:   layout_layer_cave, special_room [special_room_bee]
Lair:2:   layout_concentric_octagons
Lair:3:   layout_gridlike, minmay_swamp_entry_worms, grunt_megastairs_5
Lair:4:   layout_loops_ring, minmay_snake_entry_six_corridors,
          grunt_megastairs_4, lemuel_fruit_fields, uniq_josephine
Lair:5:   layout_misc_corridors, serial_bayou_shore_a
Lair:6:   gammafunk_lair_ancient_temple, layout_hall_layers, slime_altar_1,
          gauntlet_entry_generic, minivault_25, lemuel_fruit_fields
Swamp:1:  layout_falls_marsh, evilmike_swamp_ruin_house_1, swamp_pool1
Swamp:2:  layout_basic_swamp, hangedman_swamp_diagram
Swamp:3:  layout_falls_marsh, evilmike_swamp_ruin_house_4, swamp_pool4,
          ldierk_geyser, infiniplex_staircase_pool, uniq_roxanne, uniq_louise
Swamp:4:  swamp_alternative, layout_basic_swamp, swamp_pool2,
          infiniplex_staircase_pool_2
Snake:1:  layout_misc_corridors, portal_ice_cave_entry_ice_statue_two,
          gammafunk_ghost_grave, hangedman_venom_bottle
Snake:2:  layout_chambers
Snake:3:  nicolae_snake_nest, layout_misc_corridors, lemuel_oklob_altar,
          uniq_donald
Snake:4:  grunt_snake_rune_serpentine_throne, layout_rooms, serial_shops,
          nicolae_shop_overgrown_old_shop
Orc:1:    layout_caves, serial_shops, nicolae_shop_behind_doors,
          ebering_ghost_inner_flame
Orc:2:    grunt_orc_tribal_feast, layout_diamond_mine, serial_shops,
          nicolae_shop_stone, uniq_azrael

Skill      XL: |  1  2  3  4  5  6  7  8  9 10 11 12 13 14 15 16 17 18 19 |
---------------+----------------------------------------------------------+-----
Dodging        | 2 3 4 5 6 7 0 |  0.0
Fighting       | 2 3 4 5 6 7 8 9 10 11 12 | 12.7
Poison Magic   | 1 2 3 4 5 |  5.0
Transmutations | 3 4 5 6 7 9 10 11 12 | 12.0
Armour         | 1 2 3 4 5 7 8 |  8.5
Unarmed Combat | 4 5 6 7 8 9 10 11 12 | 12.7
Spellcasting   | 3 4 5 6 7 8 9 10 11 | 11.3
Stealth        | 1 3 4 5 6 8 0 |  0.0
Ice Magic      | 2 4 5 7 |  7.0
Evocations     | 1 3 5 6 7 8 9 10 | 10.6
Conjurations   | 3 4 6 8 9 |  9.8
Shields        | 3 5 6 8 9 |  9.0
Translocations | 2 3 4 5 |  5.4
Hexes          | 2 4 5 |  5.9
Summonings     | 2 3 4 |  4.6
Air Magic      | 1 3 |  3.9

Action                   |  1- 3 |  4- 6 |  7- 9 | 10-12 | 13-15 | 16-18 | 19-21 || total
-------------------------+-------+-------+-------+-------+-------+-------+-------++-------
Melee: Unarmed           |    87 |   156 |   221 |   688 |   840 |   563 |   311 ||  2866
       Kick              |    12 |    16 |       |       |       |       |       ||    28
       Punch             |     1 |     3 |     2 |     7 |    21 |    18 |     9 ||    61
Throw: Stone             |    25 |    16 |       |     1 |     4 |       |       ||    46
       Javelin           |     2 |       |       |     9 |     4 |       |       ||    15
       Dart              |       |    46 |    64 |   116 |    53 |     9 |     4 ||   292
       Boomerang         |       |       |       |       |    30 |    24 |    19 ||    73
 Cast: Beastly Appendage |    11 |    15 |       |       |       |       |       ||    26
       Spider Form       |       |     2 |    15 |    39 |     8 |     1 |       ||    65
       Sticks to Snakes  |       |     4 |       |       |    10 |    93 |       ||   107
       Ice Form          |       |       |     1 |    17 |    25 |    17 |       ||    60
       Blade Hands       |       |       |       |     8 |    62 |    52 |    24 ||   146
       Irradiate         |       |       |       |     2 |    13 |    25 |    18 ||    58
Invok: Sacrifice Health  |       |       |       |     1 |       |       |       ||     1
       Sacrifice Drink   |       |       |       |     1 |       |       |       ||     1
       Draw Out Power    |       |       |       |     1 |     1 |       |     4 ||     6
       Sacrifice Essence |       |       |       |     1 |       |       |       ||     1
       Power Leap        |       |       |       |       |    19 |    19 |     1 ||    39
       Sacrifice Purity  |       |       |       |       |     2 |       |       ||     2
       Sacrifice Stealth |       |       |       |       |     1 |       |       ||     1
       Apocalypse        |       |       |       |       |     3 |     3 |     1 ||     7
       Reject Sacrifices |       |       |       |       |     1 |       |       ||     1
       Sacrifice Nimblen |       |       |       |       |       |     1 |       ||     1
 Abil: End Transformatio |       |       |     1 |    16 |    31 |    20 |     2 ||    70
       Dig               |       |       |       |       |    28 |     8 |    13 ||    49
Evoke: Wand              |       |       |       |    47 |    41 |    38 |    25 ||   151
       Lamp of fire      |       |       |       |     2 |     2 |     6 |     2 ||    12
       Phantom mirror    |       |       |       |       |     1 |       |       ||     1
  Use: Scroll            |     7 |     4 |     5 |    18 |    12 |    11 |       ||    57
       Potion            |     2 |       |     1 |     2 |     4 |     4 |     2 ||    15
 Stab: Sleeping          |     1 |       |     2 |     7 |     1 |       |       ||    11
       Distracted        |       |       |       |     2 |     6 |     4 |     1 ||    13
       Invisible         |       |       |       |       |     5 |    11 |     8 ||    24
       Paralysed         |       |       |       |       |     2 |     3 |     3 ||     8
       Confused          |       |       |       |       |       |       |     3 ||     3
  Eat: Chunk             |     3 |     9 |     8 |    39 |    50 |    26 |    10 ||   145
       Ration            |       |     1 |     1 |     3 |     5 |     9 |     3 ||    22
Armor: Robe              |    17 |    24 |     9 |       |       |       |       ||    50
       Skin              |       |       |     3 |    49 |    30 |    50 |       ||   132
       Leather armour    |       |       |       |    24 |       |       |       ||    24
       Troll leather arm |       |       |       |    35 |   122 |    33 |       ||   190
       Ring mail         |       |       |       |       |     4 |       |       ||     4
       Scale mail        |       |       |       |       |       |   140 |    63 ||   203
Dodge: Dodged            |    59 |   100 |   151 |   365 |   263 |   147 |    35 ||  1120
       Deflected         |       |     3 |       |     9 |    27 |    16 |     5 ||    60
Block: Buckler           |       |       |       |       |       |    13 |       ||    13
       Shield            |       |       |       |       |       |       |    33 ||    33

Table legend:
 A = Non-vault XP
 B = Vault XP
 C = Vault XP percentage of total XP
 D = Non-vault monster count
 E = Vault monster count
 F = Vault count percentage of total count
                 A         B        C        D         E       F
            +---------+---------+-------+---------+---------+-------
      Total |  160878 |   96140 |  37.4 |     709 |     312 |  30.6
            +---------+---------+-------+---------+---------+-------
        D:1 |      30 |       0 |   0.0 |      19 |       0 |   0.0
        D:2 |     107 |       0 |   0.0 |      22 |       0 |   0.0
        D:3 |      58 |      42 |  42.0 |      22 |       1 |   4.3
        D:4 |     295 |     187 |  38.8 |      11 |       1 |   8.3
        D:5 |     382 |     181 |  32.1 |      17 |       1 |   5.6
        D:6 |     345 |     809 |  70.1 |      14 |       3 |  17.6
        D:7 |     925 |    1212 |  56.7 |       9 |       2 |  18.2
        D:8 |    1120 |     214 |  16.0 |      26 |       1 |   3.7
        D:9 |    3555 |    1517 |  29.9 |      29 |      10 |  25.6
       D:10 |    1571 |    1967 |  55.6 |      30 |       5 |  14.3
       D:11 |    3420 |       0 |   0.0 |      20 |       0 |   0.0
       D:12 |    3742 |    2789 |  42.7 |      24 |      12 |  33.3
       D:13 |    9320 |    1808 |  16.2 |      50 |       2 |   3.8
       D:14 |    6169 |    5308 |  46.2 |      27 |       8 |  22.9
       D:15 |   13260 |    7538 |  36.2 |      53 |      11 |  17.2
     Lair:1 |    1985 |    1812 |  47.7 |       9 |      25 |  73.5
     Lair:2 |    4342 |       0 |   0.0 |      19 |       0 |   0.0
     Lair:3 |    3435 |    1178 |  25.5 |      19 |       6 |  24.0
     Lair:4 |    2247 |    3325 |  59.7 |       8 |      18 |  69.2
     Lair:5 |    3155 |       0 |   0.0 |       9 |       0 |   0.0
     Lair:6 |    3744 |    9885 |  72.5 |      15 |      26 |  63.4
    Swamp:1 |   16037 |       0 |   0.0 |      32 |       0 |   0.0
    Swamp:2 |   13395 |       0 |   0.0 |      36 |       0 |   0.0
    Swamp:3 |    9724 |    2196 |  18.4 |      28 |       3 |   9.7
    Swamp:4 |   17121 |   16028 |  48.4 |      44 |      27 |  38.0
    Snake:1 |    7102 |    5358 |  43.0 |      14 |      18 |  56.2
    Snake:2 |   10488 |       0 |   0.0 |      21 |       0 |   0.0
    Snake:3 |   11023 |    2490 |  18.4 |      19 |       2 |   9.5
    Snake:4 |    9959 |    4460 |  30.9 |      13 |      11 |  45.8
      Orc:1 |    2113 |    1741 |  45.2 |      40 |       2 |   4.8
      Orc:2 |     709 |   10034 |  93.4 |      10 |      37 |  78.7
      IceCv |       0 |    9754 | 100.0 |       0 |      59 | 100.0
   Gauntlet |       0 |    4307 | 100.0 |       0 |      21 | 100.0
            +---------+---------+-------+---------+---------+-------
